 Dungeon Crawl Stone Soup version 0.20.1-1-g8b1a95d (webtiles) character file.

229 CitizenNev the Sneak (level 5, -2/38 HPs)
             Began as a Vampire Assassin on Aug 6, 2017.
             Slain by Pikel
             ... wielding a +1 whip of electrocution
              (20 damage)
             ... on level 4 of the Dungeon.
             The game lasted 00:11:20 (2585 turns).

CitizenNev the Sneak (Vampire Assassin)             Turns: 2585, Time: 00:11:20

Health: -2/38      AC:  9    Str: 11 (12) XL:     5   Next: 71%
Magic:  5/5        EV: 10    Int: 11 (13) God:
Gold:   110        SH:  7    Dex: 16 (17) Spells: 4/4 levels left

rFire    . . .     SeeInvis +   c - +3 dagger (venom)
rCold    + . .     Gourm    .   l - +0 shield
rNeg     + + .     Faith    .   m - +0 leather armour
rPois    +         Spirit   .   n - +0 helmet
rElec    .         Reflect  .   d - +2 cloak
rCorr    .         Harm     .   f - +1 pair of gloves
MR       .....                  (no boots)
Stlth    ++++......             (no amulet)
Regen    0.1/turn               h - +2 ring of strength
MPRegen  0.1/turn               (no ring)

@: regenerating slowly
A: fangs 3, see invisible, unbreathing
a: Bat Form


You were on level 4 of the Dungeon.
You were very thirsty.

You visited 1 branch of the dungeon, and saw 4 of its levels.

You collected 110 gold pieces.

Inventory:

Hand Weapons
 c - a +3 dagger of venom (weapon)
Armour
 d - a +2 cloak (worn)
 f - a +1 pair of gloves (worn)
 l - a +0 shield (worn)
 m - a +0 leather armour (worn)
 n - a +0 helmet (worn)
Jewellery
 h - a +2 ring of strength (left hand)
Scrolls
 b - a scroll of recharging
 i - a scroll of teleportation {unknown}
 j - a scroll of remove curse
 k - 2 scrolls of identify
Potions
 a - a potion of curing {unknown}
 e - a potion of invisibility {unknown}
 g - 2 potions of blood


   Skills:
 - Level 1.7 Fighting
 - Level 5.2 Short Blades
 - Level 1.5 Throwing
 - Level 1.3 Armour
 * Level 3.2 Dodging
 - Level 5.8 Stealth
 - Level 0.5 Shields


You had 4 spell levels left.
You didn't know any spells.

Dungeon Overview and Level Annotations

Branches:
Dungeon (4/15)
 Temple: D:4-7

Altars:

Annotations:
D:4 Pikel


Innate Abilities, Weirdness & Mutations

You heal slowly.
You have razor-sharp teeth.
You have supernaturally acute eyesight. (SInv)
You can survive without breathing.


Message History

Found a stone staircase leading down.
Found a scroll labeled NUNAJE TESKU.
Pikel the Slaver comes into view.
He is wielding a whip of electrocution.
A slave comes into view.
A slave comes into view.
Pikel hits you but does no damage.
The slave shouts! x2
You hit Pikel but do no damage. You bite Pikel, but do no damage.
You hear a shout!
Pikel hits you but does no damage.
You are electrocuted!
Ouch! That really hurt!
You hit Pikel but do no damage. You block Pikel's attack.
You closely miss Pikel. Pikel closely misses you.
You hit Pikel but do no damage.
Pikel is poisoned.
Pikel hits you but does no damage. The slave hits you but does no damage.
You miss Pikel. Your bite misses Pikel.
Pikel is lightly wounded.
Pikel hits you but does no damage.
You are electrocuted!
Ouch! That really hurt!
You die...

#.# #.#
#.######.########
#<...............
#########.#######
..=..p.......#
#.p######..##.#
#. #......#
#.p#####.###.....
#.pK@p...# .....
#.p####..# .###
#. ..$... # ..
.......?. ..
#.#.##.##.. #.
##..# .# . # #>#
.# #.#


You could see Pikel and 4 slaves.

Vanquished Creatures
  An orc priest (D:3)
  Crazy Yiuf (D:2)
  Jessica (D:3)
  Natasha (twice) (D:3)
  An adder (D:2)
  2 oozes (D:2)
  5 worms
  2 leopard geckos (D:1)
  3 orcs (D:3)
  4 giant cockroaches
  8 goblins
  6 hobgoblins
  10 kobolds
  A quokka (D:2)
  A ball python (D:2)
  7 bats
  4 frilled lizards
  5 rats
64 creatures vanquished.

Notes
Turn   | Place    | Note
-------+----------+-------------------------------------------
     0 | D:1      | CitizenNev the Vampire Assassin began the quest for the Orb.
     0 | D:1      | Reached XP level 1. HP: 16/16 MP: 1/1
   281 | D:1      | Reached XP level 2. HP: 20/22 MP: 2/2
   838 | D:2      | Reached XP level 3. HP: 19/27 MP: 3/3
  1546 | D:2      | Found a runed door.
  1550 | D:2      | Noticed Crazy Yiuf
  1554 | D:2      | Killed Crazy Yiuf
  1554 | D:2      | Reached XP level 4. HP: 33/33 MP: 4/4
  1599 | D:2      | Reached skill level 1 in Armour
  1851 | D:3      | Reached skill level 5 in Short Blades
  1857 | D:3      | Reached XP level 5. HP: 34/38 MP: 5/5
  2046 | D:3      | Noticed Jessica
  2053 | D:3      | Killed Jessica
  2169 | D:3      | Noticed Natasha
  2176 | D:3      | Killed Natasha
  2329 | D:3      | Noticed Natasha
  2339 | D:3      | Killed Natasha
  2571 | D:4      | Noticed a slave
  2573 | D:4      | Noticed a slave
  2578 | D:4      | Noticed Pikel
  2580 | D:4      | Noticed a slave
  2580 | D:4      | Noticed a slave
  2585 | D:4      | Slain by Pikel

Skill      XL: |  1  2  3  4  5 |
---------------+----------------+-----
Short Blades   | 3 4 5 |  5.2
Armour         | 1 |  1.3
Dodging        | 3 |  3.2
Fighting       | |  1.7
Throwing       | |  1.5
Stealth        | |  5.8
Shields        | |  0.5

Action                   |  1- 3 |  4- 6 || total
-------------------------+-------+-------++-------
Melee: Dagger            |    90 |    72 ||   162
       Bite              |     9 |     8 ||    17
  Use: Scroll            |       |     7 ||     7
       Potion            |       |     2 ||     2
 Stab: Sleeping          |    11 |     8 ||    19
       Distracted        |       |     1 ||     1
  Eat: Corpse            |     1 |     1 ||     2
Armor: Robe              |     8 |       ||     8
       Leather armour    |     5 |    13 ||    18
Dodge: Dodged            |    26 |    22 ||    48
Block: Shield            |    15 |    10 ||    25
